 Dungeon Crawl Stone Soup version 0.29-a0-666-g26d293caef (webtiles) character file.

Game seed: 1678854613909084702

154 GhastlyMooves the Grave Robber (level 5, -4/37 HPs)
             Began as a Mummy Necromancer on June 23, 2022.
             Killed by divine providence
             ... invoked by an orc priest
              (15 damage)
             ... on level 4 of the Dungeon.
             The game lasted 00:12:13 (3115 turns).

GhastlyMooves the Grave Robber (Mummy Necromancer)  Turns: 3115, Time: 00:12:14

Health: -4/37      AC:  2    Str: 11    XL:     5   Next: 13%
Magic:  1/11       EV: 16    Int: 17    God:
Gold:   143        SH:  0    Dex: 12    Spells: 8/12 levels left

rFire   x . .      SeeInvis .   i - +0 hand axe
rCold   + . .      Faith    .   (no shield)
rNeg    + + +      Spirit   .   a - +0 robe
rPois   ∞          Reflect  .   (no helmet)
rElec   .          Harm     .   (no cloak)
rCorr   .          Rampage  .   (no gloves)
Will    .....                   (no boots)
Stlth   ++........              (no amulet)
HPRegen 0.12/turn               f - +4 ring of evasion
MPRegen 0.12/turn               (no ring)

@: no status effects
A: cold resistance 1, negative energy resistance 3, torment resistance 2, heat
vulnerability 1, in touch with death 1, no potions
a: no special abilities


You were on level 4 of the Dungeon.
You visited 1 branch of the dungeon, and saw 4 of its levels.

You collected 143 gold pieces.

Inventory:

Hand Weapons
 i - a +0 hand axe (weapon)
Armour
 a - a +0 robe (worn)
Jewellery
 f - a +4 ring of evasion (left hand)
Wands
 g - a wand of flame (10)
Scrolls
 b - 3 scrolls of teleportation
 c - a scroll of vulnerability {unknown}
 d - 5 scrolls of identify {unknown}
 e - a scroll of magic mapping {unknown}
 h - 2 scrolls of amnesia {unknown}
 j - a scroll of silence {unknown}
 k - a scroll of enchant weapon {unknown}


   Skills:
 + Level 1.2 Fighting
 + Level 1.9 Dodging
 + Level 1.7 Stealth
 + Level 0.4 Unarmed Combat
 + Level 4.3 Spellcasting
 + Level 5.2 Necromancy


You had 8 spell levels left.
You knew the following spells:

 Your Spells              Type           Power      Damage    Failure   Level
a - Necrotize             Necr           100%       1d9       1%          1
b - Vampiric Draining     Necr           32%        2d8       5%          3

Your spell library contained the following spells:

 Spells                   Type           Power      Damage    Failure   Level
 Animate Dead             Necr           32%        N/A       19%         4
 Agony                    Necr           32%        N/A       45%         5


Dungeon Overview and Level Annotations

Branches:
Dungeon (4/15)
 Temple: D:4-7

Altars:
Nemelex Xobeh

Shops:
D:3 [(   D:4 *


Innate Abilities, Weirdness & Mutations

You are immune to poison.
Your flesh is cold resistant. (rC+)
You are immune to negative energy. (rN+++)
You are immune to unholy pain and torment.
You are vulnerable to heat. (rF-)
You are in touch with the powers of death.
You do not drink.


Message History

Confirm with . or Enter, or press ? or * to list all spells.
Aiming: Necrotize (safe; 1% risk of failure)
Press: ? - help, Shift-Dir - straight line, f/p - orc
Aim: an orc, wielding a +0 short sword and wearing a +0 leather armour (severely wounded, not watching you, ally target, chance to affect: 93%)
You feel a surge of power!
The orc warrior writhes in agony!
Your orc skeleton hits the orc.
The orc hits your orc skeleton with a +0 short sword.
Your orc skeleton is destroyed!
The orc warrior barely misses you.
The orc shouts!
Casting: Necrotize (safe; 1% risk of failure)
Confirm with . or Enter, or press ? or * to list all spells.
Aiming: Necrotize (safe; 1% risk of failure)
Press: ? - help, Shift-Dir - straight line, f/p - orc
Aim: an orc, wielding a +0 short sword and wearing a +0 leather armour (almost dead, chance to affect: 93%)
You feel a surge of power!
The orc warrior writhes in agony.
The orc warrior hits you with a +0 scimitar!!
Ouch! That really hurt!
The orc priest looks satisfied for a moment.
Casting: Necrotize (safe; 1% risk of failure)
Confirm with . or Enter, or press ? or * to list all spells.
Aiming: Vampiric Draining (dangerous; 5% risk of failure)
Press: ? - help, Shift-Dir - straight line, f - orc warrior, p - orc
Aim: an orc warrior, wielding a +0 scimitar and wearing a +0 chain mail (severely wounded)
You feel a surge of power!
You draw life force from the orc warrior!
You feel life coursing into your body.
The orc warrior hits you with a +0 scimitar!
* * * LOW HITPOINT WARNING * * *
Casting: Vampiric Draining (dangerous; 5% risk of failure)
Confirm with . or Enter, or press ? or * to list all spells.
Aiming: Necrotize (safe; 1% risk of failure)
Press: ? - help, Shift-Dir - straight line, f/p - orc warrior
Aim: an orc warrior, wielding a +0 scimitar and wearing a +0 chain mail (almost dead, chance to affect: 83%)
You feel a surge of power!
The orc warrior writhes in agony.
You kill the orc warrior!
The dead are walking!
The orc priest mumbles some strange prayers to Beogh against you.
Beogh smites you!
You die...

....# #.#.....#
#.# ....#
#.#.....# #.#
#..# #.#.....#
#.#
#.####.#.....#
#.#
#......#.....#
#.#
#..########.##
#.# #.Z.# #.# #.#
##..# ##.####.#
#..# #.o.o@..#
##.######.Z######
#<.........
#..#####.o.# #.)#
#.... #... ##....
#.#.# #.### #.#..
... ...#.#


You could see an orc priest (ally target), an orc and a friendly orc warrior
skeleton.

Vanquished Creatures
  An orc warrior (D:4)
  An orc priest (D:3)
  Terence (D:2)
  4 adders
  A dart slug (D:2)
  3 orcs
  3 bats
  4 endoplasms
  2 giant cockroaches
  3 goblins
  5 hobgoblins
  2 jackals (D:2)
  4 quokkas
  7 ball pythons
  3 kobolds
  7 rats
51 creatures vanquished.

Vanquished Creatures (collateral kills)
  A worm (D:2)
  An endoplasm (D:3)
  A giant cockroach (D:3)
  A quokka (D:1)
4 creatures vanquished.

Grand Total: 55 creatures vanquished

Notes
Turn   | Place    | Note
-------+----------+-------------------------------------------
     0 | D:1      | GhastlyMooves the Mummy Necromancer began the quest for the
                  | Orb.
     0 | D:1      | Reached XP level 1. HP: 13/13 MP: 4/4
   320 | D:1      | Reached XP level 2. HP: 9/19 MP: 2/5
  1066 | D:2      | Found a sparkling altar of Nemelex Xobeh.
  1120 | D:2      | Found a faded altar of an unknown god.
  1450 | D:2      | Noticed Terence
  1512 | D:2      | Gained mutation: You are in touch with the powers of death.
                  | [Mummy growth]
  1512 | D:2      | Reached XP level 3. HP: 24/24 MP: 2/7
  1587 | D:2      | Reached skill level 1 in Fighting
  1653 | D:2      | Killed Terence
  1654 | D:2      | Reached XP level 4. HP: 7/32 MP: 0/9
  1997 | D:3      | Found Xoys's Armour Boutique.
  2076 | D:3      | Learned a level 3 spell: Vampiric Draining
  2173 | D:3      | Reached skill level 5 in Necromancy
  2724 | D:3      | Reached XP level 5. HP: 37/37 MP: 9/11
  2757 | D:3      | Found Taodyh's Weapon Shop.
  2988 | D:4      | Found Naf Ygenwu's Assorted Antiques.
  3103 | D:4      | Noticed an orc warrior
  3115 | D:4      | Killed an orc warrior
  3115 | D:4      | Killed from afar by an orc priest

Illustrated notes

Levels and vault maps discovered:
D:1:      minmay_arrival_doors, layout_basic
D:2:      kb_forest_paths, layout_rooms, basic_altar,
          chequers_ecumenical_altar_island, kennysheep_potato, uniq_terence
D:3:      layout_loops_ring, serial_shops, shop,
          nicolae_shop_bloodbath_and_beyond, nrook_mini_vaults
D:4:      layout_basic, serial_shops, shop

Skill      XL: |  1  2  3  4 |
---------------+-------------+-----
Spellcasting   | 3 4 |  4.3
Fighting       | 1 |  1.2
Necromancy     | 5 |  5.2
Dodging        | |  1.9
Stealth        | |  1.7
Unarmed Combat | |  0.4

Action                   |  1- 3 |  4- 6 || total
-------------------------+-------+-------++-------
Melee: Unarmed           |    33 |    10 ||    43
       Hand axe          |       |     7 ||     7
 Cast: Necrotize         |    64 |    46 ||   110
       Vampiric Draining |       |     1 ||     1
Evoke: Wand              |     2 |       ||     2
  Use: Scroll            |     1 |       ||     1
 Stab: Distracted        |     1 |       ||     1
Armor: Robe              |    10 |     4 ||    14
Dodge: Dodged            |    54 |    31 ||    85

Table legend: (Time is in decaauts)
 A = Elapsed time spent in this place.
 B = Non-inter-level travel time spent in this place.
 C = Inter-level travel time spent in this place.
 D = Time resting spent in this place.
 E = Time spent auto-exploring this place.
 F = Levels seen in this place.
 G = Mean time per level.
                   A        B        C        D        E       F      G
               +--------+--------+--------+--------+--------+-----+--------+
         Total |   3118 |   3042 |     76 |    632 |   1854 |   4 |  779.5 |
       Dungeon |   3118 |   3042 |     76 |    632 |   1854 |   4 |  779.5 |
               +--------+--------+--------+--------+--------+-----+--------+

Top non-repeatable levels by time:
     D:1: 1066 daAuts
     D:3: 978 daAuts
     D:2: 920 daAuts
     D:4: 153 daAuts
